AoeStats
← Dodô Pressão

MegaRandom

504544011Analyzed
3v3 RM · 28d ago on Sep 5, 2026· 35m 59s· 6 players
Game mode
Random Map
Map size
Normal (6 player)
Population
200
Speed
Normal
Resources
Standard
Victory
Conquest
Starting age
Dark Age
Ending age
Imperial Age
RankedLock teamsTeams togetherTeam positionsShared explorationLock speedFull tech treeHidden civsTurbo modeCheats
Victory
Defeat
🇫🇮 Mongols · Finland
637
+16
🇨🇴 Poles · Colombia
569
+19
🇧🇷 Burgundians · Brazil
556
+20
🇺🇸 Portuguese · United States
672
-20
🇺🇸 Bengalis · United States
629
-18
🇺🇸 Slavs · United States
617
-17
[PK]Dasaco
13:17 Feudal Age
18:31 Wheelbarrow
18:19 Horse Collar
18:28 Double-Bit Axe
18:38 Gold Mining
25:24 Castle Age
25:19 Arson
27:51 Padded Archer Armor
28:51 Hand Cart
29:51 Light Cavalry
Dodô Pressão
11:51 Double-Bit Axe
13:52 Feudal Age
13:01 Wheelbarrow
15:01 Bow Saw
17:59 Castle Age
17:08 Hand Cart
20:49 Horse Collar
24:25 Heavy Plow
25:00 Gold Mining
25:01 Stone Mining
25:42 Forging
25:32 Scale Mail Armor
25:37 Scale Barding Armor
26:14 Cavalier
32:23 Imperial Age
31:47 Crop Rotation
32:06 Iron Casting
34:15 Two-Man Saw
32:51 Elite Coustillier
33:41 Burgundian Vineyards
33:17 Capped Ram
Olen Mursu
11:38 Feudal Age
12:15 Town Watch
13:06 Wheelbarrow
12:17 Loom
13:15 Double-Bit Axe
13:46 Horse Collar
16:01 Stone Mining
16:58 Bloodlines
17:00 Gold Mining
16:59 Arson
20:46 Castle Age
20:37 Fletching
20:58 Scale Barding Armor
20:54 Padded Archer Armor
22:37 Squires
22:42 Husbandry
26:39 Bodkin Arrow
28:57 Hand Cart
29:24 Gold Shaft Mining
33:29 Stone Shaft Mining
PicPlaysGMEs
0:55 Loom
13:15 Feudal Age
13:43 Double-Bit Axe
14:36 Wheelbarrow
13:50 Town Watch
20:18 Castle Age
20:20 Padded Archer Armor
20:10 Fletching
23:20 Ballistics
22:56 Murder Holes
23:12 Masonry
32:15 Horse Collar
Master Suknip
2:08 Loom
14:14 Feudal Age
15:33 Horse Collar
15:51 Double-Bit Axe
20:17 Castle Age
18:55 Wheelbarrow
21:26 Light Cavalry
23:13 Bow Saw
24:06 Forging
24:02 Scale Barding Armor
24:12 Bloodlines
24:56 Hand Cart
25:45 Iron Casting
25:24 Heavy Plow
25:47 Gold Mining
26:05 Husbandry
Wogsy2010
0:59 Loom
14:53 Feudal Age
16:23 Wheelbarrow
16:38 Fletching
21:15 Castle Age
21:01 Gold Mining
21:01 Stone Mining
23:11 Bodkin Arrow
23:24 Crossbowman
25:22 Hand Cart
25:30 Double-Bit Axe
27:52 Treadmill Crane
32:06 Imperial Age
31:54 Horse Collar
34:17 Chemistry
35:37 Arquebus
36:00 Conscription
Connection lost

Rejoining the realm…

Still unreachable

The connection could not be restored.

Session expired

The server has moved on; the page needs a fresh start.